 Dungeon Crawl Stone Soup version 0.29-a0-670-g5ff2a30383 (console) character file.

Game seed: 11380400438883253266

979 Ignak the Grave Robber (level 7, -3/52 HPs)
             Began as a Mummy Necromancer on June 24, 2022.
             Was an Initiate of Yredelemnul.
             Slain by a kobold brigand
             ... wielding the +12 short sword of Gecus {distort, rPois}
              (9 damage)
             ... on level 5 of the Dungeon.
             The game lasted 00:22:24 (6928 turns).

Ignak the Grave Robber (Mummy Necromancer)          Turns: 6928, Time: 00:22:25

Health: -3/52      AC:  4    Str: 11    XL:     7   Next: 96%
Magic:  23/23      EV: 13    Int: 17    God:    Yredelemnul [......]
Gold:   1498       SH:  0    Dex: 12    Spells: 4/16 levels left

rFire   x . .      SeeInvis .   a - +2 short sword (venom)
rCold   + . .      Faith    .   (no shield)
rNeg    + + +      Spirit   .   k - +0 robe
rPois   ∞          Reflect  .   m - +1 helmet
rElec   .          Harm     .   (no cloak)
rCorr   .          Rampage  .   (no gloves)
Will    .....                   (no boots)
Stlth   ++........              e - amulet of magic regeneration
HPRegen 0.17/turn               j - ring of magical power
MPRegen 0.58/turn               (no ring)

@: no status effects
A: cold resistance 1, negative energy resistance 3, torment resistance 2, heat
vulnerability 1, in touch with death 1, no potions
a: Renounce Religion, Recall Undead Harvest


You were on level 5 of the Dungeon.
You worshipped Yredelemnul.
Yredelemnul was noncommittal.
You visited 2 branches of the dungeon, and saw 6 of its levels.

You collected 1498 gold pieces.

Inventory:

Hand Weapons
 a - a +2 short sword of venom (weapon)
 b - a +0 halberd
 r - a +0 dagger of distortion
Missiles
 d - a throwing net
 p - 6 poisoned darts (quivered)
Armour
 k - a +0 robe (worn)
 m - a +1 helmet (worn)
Jewellery
 e - an amulet of magic regeneration (around neck)
 j - a ring of magical power (left hand)
Wands
 q - a wand of charming (5)
Scrolls
 c - 4 scrolls of teleportation
 f - 4 scrolls of immolation
 g - a scroll of amnesia
 h - a scroll of torment {unknown}
 i - a scroll of blinking {unknown}
 l - a scroll of fog
 n - a scroll of identify
 o - 2 scrolls of magic mapping


   Skills:
 + Level 3.2 Fighting
 + Level 3.4 Dodging
 - Level 2.0 Stealth
 + Level 5.1 Spellcasting
 + Level 2.2 Conjurations
 + Level 5.4 Necromancy
 + Level 2.3 Ice Magic
 + Level 2.3 Invocations


You had 4 spell levels left.
You knew the following spells:

 Your Spells              Type           Power      Damage    Failure   Level
a - Necrotize             Necr           100%       1d9       1%          1
c - Vampiric Draining     Necr           34%        2d8       4%          3
f - Searing Ray           Conj           22%        2d5       9%          2
r - Frozen Ramparts       Ice            24%        1d4       16%         3
z - Ozocubu's Armour      Ice            12%        N/A       16%         3

Your spell library contained the following spells:

 Spells                   Type           Power      Damage    Failure   Level
 Freeze                   Ice            48%        1d7       5%          1
 Magic Dart               Conj           44%        1d5       6%          1
 Shock                    Conj/Air       32%        1d5       9%          1
 Scorch                   Fire           8%         2d5       22%         2
 Gell's Gravitas          Tloc           4%         N/A       38%         3
 Swiftness                Air            4%         N/A       38%         3
 Teleport Other           Tloc           4%         N/A       38%         3
 Hailstorm                Conj/Ice       12%        3d5       50%         4
 Flame Wave               Conj/Fire      8%         2d5       65%         4
 Fulminant Prism          Conj/Hex       4%         3d6       65%         4
 Airstrike                Air            2%         N/A       80%         4
 Agony                    Necr           34%        N/A       38%         5
 Dispersal                Tloc           2%         N/A       100%        6
 Summon Cactus Giant      Summ           2%         N/A       100%        6
 Ozocubu's Refrigeration  Ice            6%         4d6       100%        7
 Lehudib's Crystal Spear  Conj/Erth      4%         10d3      100%        8
 Animate Dead             Necr           Unusable   N/A       N/A         4

Dungeon Overview and Level Annotations

Branches:
Dungeon (5/15)             Temple (1/1) D:4

Altars:
Dithmenos
Fedhas
Okawaru
Yredelemnul
Lugonu


Innate Abilities, Weirdness & Mutations

You are immune to poison.
Your flesh is cold resistant. (rC+)
You are immune to negative energy. (rN+++)
You are immune to unholy pain and torment.
You are vulnerable to heat. (rF-)
You are in touch with the powers of death.
You do not drink.


Message History

Aim: a kobold brigand, wielding the +12 short sword of Gecus {distort, rPois} and quivering curare-tipped darts (50% to hit)
You throw a poisoned dart.
The poisoned dart hits the kobold brigand.
The wall freezes the kobold brigand. x2
Press: ? - help, v - describe, . - travel
Here: a kobold brigand, wielding a +0 rapier of distortion and quivering poisoned darts (severely wounded)
The floor.
Your frozen ramparts will break if you move.
Continue?
Okay, then.
Your frozen ramparts will break if you move.
Continue?
The kobold brigand attacks as you move away!
The kobold brigand hits you with the +12 short sword of Gecus {distort, rPois}!
Space warps horribly around you!!
* * * LOW HITPOINT WARNING * * *
The frozen ramparts melt away as you move.
Okay, then.
Okay, then.
Aiming: Charm
Press: ? - help, Shift-Dir - straight line, f/p - kobold brigand
Aim: a kobold brigand, wielding the +12 short sword of Gecus {distort, rPois} and quivering curare-tipped darts (lightly wounded, chance to affect: 49%)
The kobold brigand resists with some effort.
The kobold brigand completely misses you.
Aiming: Charm
Press: ? - help, Shift-Dir - straight line, f/p - kobold brigand
Aim: a kobold brigand, wielding the +12 short sword of Gecus {distort, rPois} and quivering curare-tipped darts (lightly wounded, chance to affect: 49%)
The kobold brigand resists with some effort.
Okay, then.
Press: ? - help, v - describe, . - travel
Here: a kobold brigand, wielding the +12 short sword of Gecus {distort, rPois} and quivering curare-tipped darts (lightly wounded)
The floor.
Okay, then.
Aiming: Charm
Press: ? - help, Shift-Dir - straight line, f/p - kobold brigand
Aim: a kobold brigand, wielding the +12 short sword of Gecus {distort, rPois} and quivering curare-tipped darts (lightly wounded, chance to affect: 49%)
The kobold brigand resists with some effort.
The kobold brigand hits you with the +12 short sword of Gecus {distort, rPois}.
* * * LOW HITPOINT WARNING * * *
Space warps horribly around you!
You die...
Yredelemnul claims you as an undead slave.

........................#
#..#
###.##########..........#
#..# .........#
#..........# #..#
###.####.# #..........#
#.[# #.# #.##############.#
#..# #.#
#........#######.######.)#
#.#
#>.#####..................
#.# ####.#
##.###......####..# #.#
##... #@K.'......'......
#.#
###....###K##......####..#
###.###.##.....('.##....!.#
#..# .....#).
#§_.()'.##......####..#
.....#.
§§.§.$##.#####+#....#...
.....#
##§§.##....).#....#.##.#
.....# #§.#
#.####.###..#.....
..)########.# #.# .#
#..#####. ...'...#..## #.#
.. #[.#.....


You could see 2 kobold brigands.

Vanquished Creatures
  A water moccasin (D:5)
  An ogre (D:4)
  A centaur (D:5)
  A necrophage (D:5)
  A scorpion (D:4)
  A jelly (D:5)
  3 hounds
  An orc priest (D:5)
  2 orc wizards
  A gnoll (D:4)
  6 adders
  An ufetubus (D:5)
  An orc zombie (D:5)
  3 worms
  2 dart slugs
  8 orcs
  An endoplasm (D:2)
  2 giant cockroaches (D:2)
  6 goblins
  4 hobgoblins
  2 jackals (D:3)
  6 kobolds
  3 quokkas (D:1)
  6 ball pythons
  4 bats
  3 frilled lizards
  5 rats
76 creatures vanquished.

Vanquished Creatures (collateral kills)
  An ogre (D:5)
  A scorpion (D:5)
  An orc wizard (D:5)
  2 adders (D:4)
  2 gnolls (D:4)
  An ufetubus (D:5)
  3 orcs (D:5)
  A ball python (D:4)
  A giant cockroach (D:4)
  3 goblins
  A hobgoblin (D:4)
  A kobold (D:4)
  A rat (D:1)
19 creatures vanquished.

Vanquished Creatures (others)
  A centaur zombie (D:5)
  An orc wizard (D:5)
  A hound zombie (D:4)
  A worm zombie (D:5)
  A hobgoblin zombie (D:4)
  2 kobold zombies
  3 orc zombies (D:5)
  A spectral ufetubus (D:5)
  4 plants (D:3)
15 creatures vanquished.

Grand Total: 110 creatures vanquished

Notes
Turn   | Place    | Note
-------+----------+-------------------------------------------
     0 | D:1      | Ignak the Mummy Necromancer began the quest for the Orb.
     0 | D:1      | Reached XP level 1. HP: 13/13 MP: 4/4
   382 | D:1      | Reached XP level 2. HP: 12/19 MP: 0/6
   764 | D:1      | Found a faded altar of an unknown god.
  1074 | D:2      | Gained mutation: You are in touch with the powers of death.
                  | [Mummy growth]
  1074 | D:2      | Reached XP level 3. HP: 20/25 MP: 0/7
  1712 | D:2      | Reached skill level 1 in Fighting
  1835 | D:2      | Learned a level 3 spell: Vampiric Draining
  2051 | D:2      | Learned a level 3 spell: Ozocubu's Armour
  2218 | D:3      | Found an iron altar of Okawaru.
  2450 | D:3      | Reached XP level 4. HP: 31/32 MP: 4/9
  2922 | D:3      | Learned a level 2 spell: Searing Ray
  3022 | D:3      | Found a basalt altar of Yredelemnul.
  3027 | D:3      | Became a worshipper of Yredelemnul the Dark
  3332 | D:3      | Found a blossoming altar of Fedhas.
  3354 | D:4      | Noticed an ogre
  3364 | D:4      | Killed an ogre
  3365 | D:4      | Reached skill level 1 in Ice Magic
  3365 | D:4      | Reached XP level 5. HP: 7/38 MP: 0/11
  3634 | D:4      | Reached * piety under Yredelemnul
  3844 | D:4      | Reached skill level 1 in Invocations
  3844 | D:4      | Reached XP level 6. HP: 33/44 MP: 9/12
  3857 | D:4      | Learned a level 3 spell: Frozen Ramparts
  3992 | D:4      | Reached ** piety under Yredelemnul
  4157 | D:4      | Reached skill level 1 in Conjurations
  4388 | D:4      | Found a staircase to the Ecumenical Temple.
  4397 | Temple   | Entered the Ecumenical Temple
  4804 | D:4      | Got Ozorgheol's Reference Book on Clay and the Traveller
  4846 | D:5      | Entered Level 5 of the Dungeon
  4853 | D:5      | Noticed a water moccasin
  4871 | D:5      | Killed a water moccasin
  4872 | D:5      | Reached skill level 5 in Necromancy
  4872 | D:5      | Reached XP level 7. HP: 15/51 MP: 1/13
  5100 | D:5      | Found a large runed translucent door.
  5100 | D:5      | Found a large runed translucent door.
  5432 | D:5      | Identified a scroll of acquirement
  5445 | D:5      | Acquired 1233 gold pieces
  5470 | D:5      | Identified the +12 short sword of Gecus {distort, rPois}
  5851 | D:5      | Reached skill level 5 in Spellcasting
  6065 | D:5      | Found a shadowy altar of Dithmenos.
  6411 | D:5      | Found a corrupted altar of Lugonu.
  6424 | D:5      | HP: 2/52 [kobold brigand/the +12 short sword of Gecus
                  | {distort, rPois} (4)]
  6928 | D:5      | Slain by a kobold brigand

Illustrated notes

Levels and vault maps discovered:
D:1:      lemuel_arrival_hallway, layout_basic,
          shapermc_ecumenical_altar_pompeii
D:2:      layout_basic, minmay_hexomino_p4
D:3:      wad_lake_hut, layout_basic, nicolae_overflow_hidden_temple,
          mainiacjoe_overflow_concentric_impassable, lemuel_doored_altar,
          chequers_serial_rivers_micro_d
D:4:      layout_loops_cross, minmay_temple_entry_antechambers,
          minmay_liquid_box
D:5:      due_chaos_kobolds, layout_basic, kennysheep_mini
Temple:   pf_slime_end_temple

Skill      XL: |  1  2  3  4  5  6  7 |
---------------+----------------------+-----
Spellcasting   | 3 4 5 |  5.1
Stealth        | 2 |  2.0
Dodging        | 2 3 |  3.4
Fighting       | 1 2 3 |  3.2
Ice Magic      | 1 2 |  2.3
Invocations    | 1 2 |  2.3
Conjurations   | 1 2 |  2.2
Necromancy     | 5 |  5.4

Action                   |  1- 3 |  4- 6 |  7- 9 || total
-------------------------+-------+-------+-------++-------
Melee: Unarmed           |    10 |       |       ||    10
       Club              |    14 |    32 |       ||    46
       Punch             |     1 |       |     1 ||     2
       Halberd           |       |    18 |    14 ||    32
       Short sword       |       |       |    14 ||    14
Throw: Dart              |       |       |     2 ||     2
 Cast: Necrotize         |    74 |    31 |     1 ||   106
       Vampiric Draining |     2 |     6 |     3 ||    11
       Frozen Ramparts   |       |       |     9 ||     9
       Searing Ray       |       |       |     6 ||     6
       Ozocubu's Armour  |       |       |     5 ||     5
Invok: Recall Undead Har |       |       |     1 ||     1
Evoke: Wand              |       |     3 |     5 ||     8
  Use: Scroll            |       |       |    11 ||    11
 Stab: Sleeping          |       |     2 |       ||     2
Armor: Robe              |    16 |    17 |     8 ||    41
Dodge: Dodged            |    40 |    53 |    40 ||   133

Table legend: (Time is in decaauts)
 A = Elapsed time spent in this place.
 B = Non-inter-level travel time spent in this place.
 C = Inter-level travel time spent in this place.
 D = Time resting spent in this place.
 E = Time spent auto-exploring this place.
 F = Levels seen in this place.
 G = Mean time per level.
                   A        B        C        D        E       F      G
               +--------+--------+--------+--------+--------+-----+--------+
         Total |   6989 |   6830 |    159 |   1337 |   4091 |   6 | 1164.8 |
       Dungeon |   6988 |   6829 |    159 |   1337 |   4091 |   5 | 1397.6 |
        Temple |      1 |      1 |      0 |      0 |      0 |   1 |    1.0 |
               +--------+--------+--------+--------+--------+-----+--------+

Top non-repeatable levels by time:
     D:5: 1811 daAuts
     D:4: 1784 daAuts
     D:3: 1171 daAuts
     D:2: 1153 daAuts
     D:1: 1066 daAuts
  Temple: 1 daAuts
